 Dungeon Crawl Stone Soup version 0.28-a0-425-gd0eccab798 (webtiles) character file.

Game seed: 3506884423477459960

58 tzalcoatl the Stinger (level 3, -10/29 HPs)
             Began as a Draconian Venom Mage on Sept 7, 2021.
             Was a Believer of Kikubaaqudgha.
             Killed by nerve-wracking pain
             ... invoked by Grinder
              (13 damage)
             ... on level 3 of the Dungeon on Sept 9, 2021.
             The game lasted 00:15:36 (2684 turns).

tzalcoatl the Stinger (Draconian Venom Mage)        Turns: 2684, Time: 00:15:36

Health: -10/29     AC:  5    Str: 10    XL:     3   Next: 75%
Magic:  1/6        EV: 12    Int: 16    God:    Kikubaaqudgha [**....]
Gold:   67         SH:  0    Dex: 11    Spells: 5/6 levels left

rFire   . . .      SeeInvis .   b - +0 short sword
rCold   . . .      Faith    .   (no shield)
rNeg    . . .      Spirit   .   (armour unavailable)
rPois   .          Reflect  .   (helmet restricted)
rElec   .          Harm     .   (no cloak)
rCorr   .          Rampage  .   (no gloves)
Will    .....                   (no boots)
Stlth   ++........              (no amulet)
HPRegen 0.09/turn               (no ring)
MPRegen 0.10/turn               (no ring)

@: mighty
A: AC +5, unfitting armour, cold-blooded
a: Renounce Religion, Receive Corpses


You were on level 3 of the Dungeon.
You worshipped Kikubaaqudgha.
Kikubaaqudgha was pleased with you.
You visited 1 branch of the dungeon, and saw 3 of its levels.

You collected 67 gold pieces.

Inventory:

Hand Weapons
 a - a +0 battleaxe
 b - a +0 short sword (weapon)
Jewellery
 g - a ring of fire
Scrolls
 c - 3 scrolls of identify {unknown}
 d - a scroll of fear {unknown}
 f - a scroll of teleportation {unknown}
 i - a scroll of fog {unknown}
 j - a scroll of summoning {unknown}
 l - a scroll of vulnerability {unknown}
Potions
 e - a potion of curing {unknown}
 k - a potion of brilliance {unknown}


   Skills:
 + Level 1.7 Fighting
 + Level 2.3 Dodging
 - Level 2.0 Stealth
 - Level 2.0 Spellcasting
 + Level 1.1 Necromancy
 - Level 1.0 Transmutations
 * Level 3.6 Poison Magic


You had 5 spell levels left.
You knew the following spells:

 Your Spells              Type           Power      Damage    Failure   Level
a - Sting                 Tmut/Pois      32%        1d4       9%          1

Your spell library contained the following spells:

 Spells                   Type           Power      Damage    Failure   Level
 Animate Skeleton         Necr           10%        N/A       13%         1
 Pain                     Necr           20%        1d5       13%         1
 Poisonous Vapours        Pois/Air       14%        N/A       16%         2
 Sublimation of Blood     Necr           2%         N/A       21%         2
 Mephitic Cloud           Conj/Pois/Air  5%         N/A       36%         3
 Vampiric Draining        Necr           2%         2d6       36%         3
 Olgreb's Toxic Radiance  Pois           13%        N/A       43%         4


Dungeon Overview and Level Annotations

Branches:
Dungeon (3/15)

Altars:
Kikubaaqudgha

Annotations:
D:3 Grinder


Innate Abilities, Weirdness & Mutations

Your plain brown scales are hard. (AC +5)
You cannot fit into any form of body armour.
You are cold-blooded and may be slowed by cold attacks.


Message History

The floor.
A kobold comes into view. It is wielding a +0 short sword.
Grinder says, "Tell me all your secrets, or I'll kill you."
Casting: Sting (safe; 9% risk of failure)
Confirm with . or Enter, or press ? or * to list all spells.
Aiming: Sting (safe; 9% risk of failure)
Press: ? - help, Shift-Dir - straight line, f/p - Grinder
Aim: Grinder (heavily wounded, very poisoned, 64% to hit)
The sting misses Grinder.
Grinder gestures at you.
You suddenly lose the ability to move!
Grinder gestures at you. Pain shoots through your body!
A frilled lizard comes into view.
Grinder hits you.
You writhe in agony.
Grinder gestures at you.
You shrug off the repeated paralysis!
Grinder hits you!
* * * LOW HITPOINT WARNING * * *
The kobold hits you but does no damage. Grinder hits you.
* * * LOW HITPOINT WARNING * * *
The kobold hits you with a +0 short sword.
* * * LOW HITPOINT WARNING * * *
You can move again.
Casting: Sting (safe; 9% risk of failure)
Confirm with . or Enter, or press ? or * to list all spells.
Aiming: Sting (safe; 9% risk of failure)
Press: ? - help, Shift-Dir - straight line, f/p - Grinder
Aim: Grinder (heavily wounded, poisoned, 64% to hit)
The sting hits Grinder.
Grinder partially resists.
Grinder looks even sicker.
Grinder is severely wounded.
Grinder barely misses you.
It was a potion of might.
You feel very mighty all of a sudden.
Grinder says, "Wait up."
Grinder gestures at you. Pain shoots through your body!
You die...
Kikubaaqudgha rasps: "You have failed me!
Welcome... death!"

#................
#.#...)....#.#
#.#.#.###....# ##.#.#.#
##.#.# #.<....####.#.#
#......#.#......#
.......####.#.##.###
.###... #.#.##.#### .
....<####...@5K#.. ..
###........#.##.#.##.##
....##.....##.#....5#
...........###...##..
........###.#..5....
...................#
####.##.###.#......# #.
#.#......l.... #
#...##........


You could see Grinder (very poisoned) and a kobold.

Vanquished Creatures
  2 worms (D:2)
  2 dart slugs (D:1)
  3 endoplasms
  4 giant cockroaches
  2 goblins
  4 hobgoblins (D:1)
  3 jackals (D:1)
  3 kobolds
  3 quokkas
  8 ball pythons
  4 bats
  A frilled lizard (D:2)
  3 rats
42 creatures vanquished.

Notes
Turn   | Place    | Note
-------+----------+-------------------------------------------
     0 | D:1      | tzalcoatl the Draconian Venom Mage began the quest for the
                  | Orb.
     0 | D:1      | Reached XP level 1. HP: 14/14 MP: 3/3
   134 | D:1      | Upgraded the game from 0.28-a0-413-gde365fb1df to
                  | 0.28-a0-425-gd0eccab798
   449 | D:1      | Reached skill level 1 in Fighting
   449 | D:1      | Reached XP level 2. HP: 23/23 MP: 5/5
   463 | D:1      | Found a faded altar of an unknown god.
   530 | D:1      | Became a worshipper of Kikubaaqudgha
   530 | D:1      | Reached * piety under Kikubaaqudgha
   530 | D:1      | Received a gift from Kikubaaqudgha
  1149 | D:1      | Reached XP level 3. HP: 27/28 MP: 4/6
  2193 | D:2      | Reached ** piety under Kikubaaqudgha
  2196 | D:2      | Reached skill level 1 in Necromancy
  2644 | D:3      | Noticed Grinder
  2676 | D:3      | Paralysed by Grinder for 6 turns
  2684 | D:3      | Killed from afar by Grinder

Illustrated notes

Levels and vault maps discovered:
D:1:      dpeg_arrival_oval, layout_basic,
          shapermc_ecumenical_altar_starsandcircs, corexii_corridor_pit,
          bh_walls_and_bars
D:2:      layout_basic
D:3:      layout_basic, feat_on_display, uniq_grinder

Skill      XL: |  1  2  3 |
---------------+----------+-----
Stealth        | 2 |  2.0
Fighting       | 1 |  1.7
Dodging        | 2 |  2.3
Necromancy     | 1 |  1.1
Spellcasting   | |  2.0
Transmutations | |  1.0
Poison Magic   | |  3.6

Action                   || total
-------------------------++-------
Melee: Dagger            ||    86
       Unarmed           ||     2
       Tailslap          ||     9
       Battleaxe         ||     7
 Cast: Sting             ||    46
  Use: Potion            ||     1
 Stab: Sleeping          ||     4
Armor: Skin              ||    39
Dodge: Dodged            ||    64

Table legend: (Time is in decaauts)
 A = Elapsed time spent in this place.
 B = Non-inter-level travel time spent in this place.
 C = Inter-level travel time spent in this place.
 D = Time resting spent in this place.
 E = Time spent auto-exploring this place.
 F = Levels seen in this place.
 G = Mean time per level.
                   A        B        C        D        E       F      G
               +--------+--------+--------+--------+--------+-----+--------+
         Total |   2691 |   2618 |     73 |    110 |   2018 |   3 |  897.0 |
       Dungeon |   2691 |   2618 |     73 |    110 |   2018 |   3 |  897.0 |
               +--------+--------+--------+--------+--------+-----+--------+

Top non-repeatable levels by time:
     D:1: 1565 daAuts
     D:2: 999 daAuts
     D:3: 126 daAuts
